 Dungeon Crawl Stone Soup version 0.24.0-10-g970556be89 (webtiles) character file.

Game seed: 93730330595382937, levelgen mode: deterministic

4301 LostNumber the Grappler (level 10, -4/97 HPs)
             Began as a Troll Ice Elementalist on Nov 4, 2019.
             Was a Priest of Elyvilon.
             Slain by a crocodile (11 damage)
             ... on level 8 of the Dungeon.
             The game lasted 00:18:13 (6467 turns).

LostNumber the Grappler (Troll Ice Elementalist)    Turns: 6467, Time: 00:18:14

Health: -4/97      AC:  6    Str: 21    XL:     10   Next: 11%
Magic:  12/12      EV:  8    Int: 11    God:    Elyvilon [***...]
Gold:   379        SH: 12    Dex: 10    Spells: 10/11 levels left

rFire    . . .     SeeInvis .     - Unarmed
rCold    . . .     Gourm    +   h - +0 shield
rNeg     + . .     Faith    .   a - +0 robe
rPois    .         Spirit   .   (helmet restricted)
rElec    .         Reflect  +   (no cloak)
rCorr    .         Harm     .   (gloves unavailable)
MR       .....                  (boots unavailable)
Stlth    +.........             j - +3 amulet of reflection
HPRegen  0.66/turn              z - ring of positive energy
MPRegen  0.13/turn              (no ring)

@: marked, berserk cooldown, slowed, very slow
A: large, unfitting armour, claws 3, fast metabolism 3, gourmand, regeneration
1, shaggy fur 1, tough skin 3
a: Lesser Healing, Heal Other, Purification, Divine Protection, Renounce
Religion


You were on level 8 of the Dungeon.
You worshipped Elyvilon.
Elyvilon was most pleased with you.
You were completely stuffed.

You visited 2 branches of the dungeon, and saw 9 of its levels.

You collected 379 gold pieces.

Inventory:

Missiles
 x - 2 throwing nets (quivered) {!f}
Armour
 a - a +0 robe (worn)
 h - a +0 shield (worn)
   (You found it on level 1 of the Dungeon)
Jewellery
 j - a +3 amulet of reflection (around neck)
   (You took it off a goblin on level 1 of the Dungeon)
 y - the ring of Vyhoav {+Fly Str-5 Int+4 SInv}
   (You found it on level 4 of the Dungeon)

   [ring of flight]

   It affects your strength (-5).
   It affects your intelligence (+4).
   It lets you see invisible.
   It lets you fly.
 z - a ring of positive energy (left claw)
   (You found it on level 4 of the Dungeon)
 C - a +2 amulet of reflection
   (You found it on level 6 of the Dungeon)
Wands
 t - a wand of flame (36)
   (You found it on level 3 of the Dungeon)
Scrolls
 d - 2 scrolls of magic mapping
 f - 3 scrolls of teleportation {@r4}
 g - 2 scrolls of amnesia {unknown}
 i - 2 scrolls of random uselessness {unknown}
 l - 6 scrolls of remove curse {@r2}
 q - 2 scrolls of enchant weapon
 r - 2 scrolls of immolation {!r}
 s - a scroll of fear {unknown}
 A - a scroll of enchant armour {unknown}
 E - a scroll of brand weapon {unknown}
Potions
 b - 2 potions of resistance
 c - 3 potions of agility
 k - 2 potions of haste {@q3}
 m - 3 potions of curing {@q1}
 n - 2 potions of lignification {unknown}
 o - 4 potions of ambrosia
 p - a potion of berserk rage
 u - a potion of flight {unknown}
 v - 2 potions of brilliance {unknown}
 w - a potion of might {unknown}
 B - a potion of invisibility {unknown}
Comestibles
 e - 14 rations {!d}
 D - 4 chunks of flesh


   Skills:
 + Level 5.6 Fighting
 - Level 1.5 Dodging
 - Level 1.0 Stealth
 + Level 5.4 Shields
 * Level 9.8 Unarmed Combat
 - Level 1.2 Spellcasting
   Level 0.6 Conjurations
 - Level 2.1 Ice Magic
 + Level 4.6 Invocations


You had 10 spell levels left.
You knew the following spells:

 Your Spells              Type           Power        Failure   Level  Hunger
a - Freeze                Ice            #...         26%         1    ##.....

Your spell library contained the following spells:

 Spells                   Type           Power        Failure   Level  Hunger
 Throw Frost              Conj/Ice       #.....       50%         2    ###....
 Ozocubu's Armour         Chrm/Ice       #.......     78%         3    ####...
 Throw Icicle             Conj/Ice       #.......     98%         4    #####..
 Summon Ice Beast         Ice/Summ       #.......     99%         4    #####..


Dungeon Overview and Level Annotations

Branches:
Dungeon (8/15)             Temple (1/1) D:6
   Lair: D:8-11

Altars:
Ashenzari
Dithmenos
Elyvilon
Fedhas
Gozag
Kikubaaqudgha
Makhleb
Nemelex Xobeh
Qazlal
Ru
Trog
Uskayaw
Vehumet
Wu Jian
Xom
Yredelemnul
Zin
The Shining One

Shops:
D:4 [


Innate Abilities, Weirdness & Mutations

You are too large for most types of armour.
You have claws for hands.
Your metabolism is lightning-fast.
You like to eat raw meat.
Your natural rate of healing is unusually fast.
You are covered in fur. (AC +1)
You have extremely tough skin. (AC +3)


Message History

Harold casts a spell at you. A sentinel's mark forms upon you.
You claw Harold! You mangle Harold!!
Harold points at you and mumbles some strange words.
The mark upon you grows brighter.
You claw Harold!
You kill Harold!
You have reached level 10!
x - 2 throwing nets {!f} (gained 1)
Things that are here:
a +0 war axe; a +0 scale mail; the human corpse of Harold You butcher the human corpse of Harold.
You feel a strong urge to attack something.
D - 4 chunks of flesh
Things that are here:
a +0 war axe; a +0 scale mail; the human skeleton of Harold You are no longer berserk.
You are exhausted.
You feel yourself slow down.
You start resting.
The two-headed ogre is too close now for your liking.
Unknown command.
You see here a throwing net {!f}.
Unknown command.
As you read the scroll of teleportation {@r4}, it crumbles to dust.
You feel strangely unstable.
You block the two-headed ogre's attack. x2
Unknown command.
Your surroundings suddenly seem different.
A steam dragon comes into view.
The steam dragon hisses angrily.
A crocodile comes into view.
A scorpion comes into view.
The steam dragon bites you!
* * * LOW HITPOINT WARNING * * *
The steam dragon claws you but does no damage.
The crocodile bites you!
* * * LOW HITPOINT WARNING * * *
Unknown command.
Unknown command.
The steam dragon breathes steam at you. The ball of steam hits you!
* * * LOW HITPOINT WARNING * * *
The crocodile bites you!
* * * LOW HITPOINT WARNING * * *
You block the steam dragon's attack.
The steam dragon claws you but does no damage.
The steam dragon bites you but does no damage.
The steam dragon claws you but does no damage.
The crocodile bites you!
You die...

## ###.#
###§D.##
#s.t@..#
#.....#..#
#.....###...#
##..## #..#
#.. ...# ##
#..# ... .###


You could see a steam dragon, a crocodile and a scorpion.

Vanquished Creatures
  Harold (D:8)
  Grinder (D:5)
  A hippogriff (D:8)
  A hornet zombie (D:7)
  2 orc warriors (D:6)
  A sky beast (D:6)
  2 ice beasts
  5 ogres
  A centaur (D:5)
  A big kobold (D:8)
  Blork the orc (D:4)
  A bullfrog (D:7)
  6 scorpions
  7 wights (D:6)
  2 crimson imps
  A jelly (D:5)
  A gnoll shaman (D:5)
  12 orc priests
  A bullfrog skeleton (D:6)
  2 iguanas
  9 orc wizards
  7 worker ants
  A killer bee zombie (D:5)
  A hound skeleton (D:4)
  Robin (D:4)
  10 gnolls
  11 adders
  A shadow imp (D:7)
  4 worms
  A dart slug (D:1)
  3 leopard geckos
  26 orcs
  6 giant cockroaches
  13 goblins
  8 hobgoblins
  3 jackals (D:1)
  6 kobolds
  2 quokkas
  7 bats
  2 frilled lizards
  7 rats
179 creatures vanquished.

Vanquished Creatures (others)
  A goblin (D:4)
1 creature vanquished.

Grand Total: 180 creatures vanquished

Notes
Turn   | Place    | Note
-------+----------+-------------------------------------------
     0 | D:1      | LostNumber the Troll Ice Elementalist began the quest for
                  | the Orb.
     0 | D:1      | Reached XP level 1. HP: 16/16 MP: 1/1
   106 | D:1      | Reached skill level 1 in Unarmed Combat
   117 | D:1      | Reached XP level 2. HP: 25/26 MP: 2/2
   387 | D:1      | Reached skill level 1 in Fighting
   387 | D:1      | Reached skill level 2 in Unarmed Combat
   491 | D:1      | Reached XP level 3. HP: 33/33 MP: 3/3
   758 | D:2      | Found a stormy altar of Qazlal.
  1063 | D:2      | Found a glowing golden altar of the Shining One.
  1511 | D:2      | Reached XP level 4. HP: 41/41 MP: 4/4
  1547 | D:2      | Reached skill level 3 in Unarmed Combat
  1550 | D:2      | Reached skill level 1 in Shields
  1702 | D:3      | Noticed an ogre
  1832 | D:3      | Reached XP level 5. HP: 48/49 MP: 5/5
  1901 | D:4      | Noticed Blork the orc
  1913 | D:4      | Killed Blork the orc
  1955 | D:4      | Reached skill level 4 in Unarmed Combat
  1982 | D:4      | Found an opulent altar of Gozag.
  2025 | D:4      | Reached XP level 6. HP: 54/57 MP: 6/6
  2188 | D:4      | Found a blossoming altar of Fedhas.
  2189 | D:4      | Found Filuhupp's Armour Emporium.
  2288 | D:3      | Reached skill level 5 in Unarmed Combat
  2438 | D:3      | Reached XP level 7. HP: 66/66 MP: 7/7
  2611 | D:4      | Got a transparent iron ring
  2612 | D:4      | Identified the ring of Vyhoav {+Fly Str-5 Int+4 SInv} (You
                  | found it on level 4 of the Dungeon)
  2832 | D:4      | Noticed Robin
  2837 | D:4      | Killed Robin
  2994 | D:4      | Reached skill level 6 in Unarmed Combat
  3025 | D:5      | Entered Level 5 of the Dungeon
  3028 | D:5      | Found a white marble altar of Elyvilon.
  3075 | D:5      | Became a worshipper of Elyvilon the Healer
  3076 | D:5      | Noticed Grinder
  3076 | D:5      | Paralysed by Grinder for 6 turns
  3101 | D:5      | Killed Grinder
  3101 | D:5      | Reached skill level 1 in Invocations
  3101 | D:5      | Reached XP level 8. HP: 52/78 MP: 8/8
  3526 | D:5      | Reached * piety under Elyvilon
  3652 | D:5      | Reached skill level 7 in Unarmed Combat
  3688 | D:5      | Found an ancient bone altar of Kikubaaqudgha.
  4023 | D:6      | Reached ** piety under Elyvilon
  4088 | D:6      | Found a sparkling altar of Nemelex Xobeh.
  4356 | D:5      | Reached skill level 8 in Unarmed Combat
  4440 | D:6      | Reached XP level 9. HP: 69/85 MP: 10/10
  4590 | D:6      | Found a staircase to the Ecumenical Temple.
  4606 | Temple   | Entered the Ecumenical Temple
  5119 | D:6      | Found a sacrificial altar of Ru.
  5613 | D:7      | Reached *** piety under Elyvilon
  5826 | D:6      | Reached skill level 5 in Fighting
  5832 | D:6      | Found a white marble altar of Elyvilon.
  5947 | D:7      | Reached skill level 9 in Unarmed Combat
  6015 | D:7      | Reached skill level 5 in Shields
  6385 | D:8      | Noticed a two-headed ogre
  6427 | D:8      | Noticed Harold
  6448 | D:8      | Killed Harold
  6448 | D:8      | Reached XP level 10. HP: 60/97 MP: 12/12
  6467 | D:8      | Slain by a crocodile

Levels and vault maps discovered:
D:1:      minmay_arrival_stone_box, layout_basic
D:2:      layout_basic, lemuel_doored_altar, roderic_lattice_a, minivault_25,
          tso_altar
D:3:      layout_rooms
D:4:      layout_loops_ring, kennysheep_mini, nicolae_gozag_seed_capital,
          serial_shops, shop, uniq_blork_the_orc, uniq_robin
D:5:      layout_gridville, lemuel_crystal_altar, first_ration,
          elyvilon_altar_4, uniq_grinder
D:6:      layout_basic, nicolae_overflow_hidden_temple,
          nemelex_xobeh_ov_fountains_minmay, nicolae_ru_the_path_less_chosen,
          minmay_temple_entry_ruins, zaba_anthole
D:7:      layout_loops_cross, minmay_between
D:8:      minmay_slanted_spiral_squares, layout_basic, led_sif_book,
          kennysheep_little_box, basic_altar, uniq_harold
Temple:   jpeg_temple_alley_garden

Skill      XL: |  1  2  3  4  5  6  7  8  9 |
---------------+----------------------------+-----
Unarmed Combat | 1 2 3 4 5 6 8 9 |  9.8
Fighting       | 1 2 3 4 5 |  5.6
Shields        | 1 2 3 4 5 |  5.4
Invocations    | 1 2 4 |  4.6
Dodging        | |  1.5
Stealth        | |  1.0
Spellcasting   | |  1.2
Conjurations   | |  0.6
Ice Magic      | |  2.1

Action                   |  1- 3 |  4- 6 |  7- 9 | 10-12 || total
-------------------------+-------+-------+-------+-------++-------
Melee: Unarmed           |   110 |   118 |   425 |       ||   653
  Use: Potion            |       |       |     2 |       ||     2
       Scroll            |       |       |    10 |     1 ||    11
 Stab: Sleeping          |     4 |     1 |     3 |       ||     8
  Eat: Chunk             |    17 |    11 |    37 |       ||    65
Armor: Robe              |    29 |    29 |    66 |     4 ||   128
Dodge: Dodged            |    45 |    39 |   104 |       ||   188
Block: Other             |     2 |       |       |       ||     2
       Shield            |    16 |    52 |   230 |     3 ||   301
       Reflection        |       |       |     9 |       ||     9
